 Dungeon Crawl Stone Soup version 0.17-a0-1583-g2df49ec (webtiles) character file.

424 volk64 the Sneak (level 6, -3/43 HPs)
             Began as an Octopode Chaos Knight on July 28, 2015.
             Slain by a sky beast (5 damage)
             ... on level 6 of the Dungeon.
             The game lasted 00:17:07 (3322 turns).

volk64 the Sneak (Octopode Chaos Knight)            Turns: 3322, Time: 00:17:07

Health: -3/43      AC:  3    Str: 13    XL:     6   Next: 96%
Magic:  6/6        EV: 13    Int: 14    God:    Xom [..*...]
Gold:   207        SH:  0    Dex: 12    Spells: 0 memorised, 5 levels left

rFire  . . .     SeeInvis .     a - +2 spear (chaos)
rCold  . . .     Clarity  .     (no shield)
rNeg   . . .     SustAt   .     (helmet restricted)
rPois  +         Gourm    .     (no amulet)
rElec  .         Spirit   .     k - ring of protection from magic
rCorr  .         Warding  .     q - ring of poison resistance
rMut   .         Stasis   .     (no ring)
MR     +....                    (no ring)
Stlth  ++++......               (no ring)
                                (no ring)
                                (no ring)
                                (no ring)

@: somewhat resistant to hostile enchantments, stealthy
A: almost no armour, amphibious, 8 rings, constrict 8, thin metallic scales 1,
camouflage 1, slow healing 1, gelatinous body 1
a: Renounce Religion


You were on level 6 of the Dungeon.
You worshipped Xom.
You were a toy of Xom.
You were not hungry.

You visited 1 branch of the dungeon, and saw 5 of its levels.

You collected 207 gold pieces.

Inventory:

Hand weapons
 a - a +2 spear of chaos (weapon)
 i - a cursed -1 halberd
 r - a +0 short sword of draining
Missiles
 c - a throwing net (quivered)
Jewellery
 k - a ring of protection from magic (left tentacle)
 q - a ring of poison resistance (right tentacle)
 s - an uncursed amulet of regeneration
Magical devices
 u - a wand of magic darts (29)
Scrolls
 e - a scroll of recharging
 g - 2 scrolls of fog
 j - 2 scrolls of enchant armour
 l - 3 scrolls of remove curse
 m - 3 scrolls of identify
 o - a scroll of amnesia
 t - a scroll of fear {unknown}
Comestibles
 b - 3 bread rations
 d - a royal jelly
 f - 5 meat rations


   Skills:
 + Level 4.2 Fighting
 + Level 4.5 Polearms
 + Level 3.7 Dodging
 + Level 5.9 Stealth


You had 5 spell levels left.
You didn't know any spells.

Dungeon Overview and Level Annotations

Branches:
Dungeon (6/15)
 Temple: D:4-7

Altars:
Dithmenos
Gozag
Yredelemnul

Shops:
D:6 *(


Innate Abilities, Weirdness & Mutations

You cannot wear most types of armour.
You are amphibious.
You can wear up to eight rings at the same time.
You can use your tentacles to constrict eight enemies at once.
Your skin changes colour to match your surroundings (Stealth).
Your rubbery body absorbs attacks (AC +1).
You are partially covered in thin metallic scales (AC +2).
You heal slowly when monsters are visible.


Message History

You closely miss the kobold. Your grab misses the kobold. The jackal bites you.
The kobold hits you but does no damage.
You closely miss the kobold. Your grab misses the kobold.
You squeeze the kobold.
You kill the kobold!
The jackal closely misses you. Something hits you. Something shocks you.
You hit the kobold.
You kill the kobold!
The jackal misses you. Something hits you.
* * * LOW HITPOINT WARNING * * *
Something shocks you.
* * * LOW HITPOINT WARNING * * *
All of the chunks of flesh in your inventory have rotted away.
You hit something. The jackal barely misses you. The jackal misses you.
You hit something but do no damage.
A fistful of eyes flickers past your view.
Your squeeze misses something. Something hits you.
* * * LOW HITPOINT WARNING * * *
Something shocks you.
You die...

..###.#...##
#.#
#...#####
..###.#####
#.# #...#
......# #.#
#...#
####### #.#
#...# ##.#
#... # #.[#
# #.## #####
.##### #
##(##.†?...
...... #
#.†@<......
...... #
#.h##......
...... #
#..# #####
.##### #
....# #
.....# #
##.#.## #.##
### # #.. ##
#.#


You could see a jackal.

Vanquished Creatures
  2 giant frogs
  A hound (D:5)
  An iguana (D:5)
  2 worker ants
  A hound skeleton (D:6)
  A gnoll (D:1)
  3 adders
  2 oozes (D:3)
  3 worms
  A giant gecko (D:2)
  9 orcs
  2 ball pythons (D:5)
  A bat zombie (D:6)
  5 giant cockroaches
  10 hobgoblins
  A quokka (D:6)
  11 bats
  A giant gecko zombie (D:5)
  2 giant newts (D:3)
  14 goblins
  17 jackals
  6 kobolds
  2 rats
98 creatures vanquished.

Notes
Turn   | Place    | Note
--------------------------------------------------------------
     0 | D:1      | volk64 the Octopode Chaos Knight began the quest for the Orb.
     0 | D:1      | Reached XP level 1. HP: 16/16 MP: 1/1
    90 | D:1      | XOM: harmless Hex miscast
   218 | D:1      | XOM: silly message
   290 | D:1      | Reached XP level 2. HP: 18/21 MP: 2/2
   323 | D:1      | Gained mutation: You are partially covered in thin metallic scales (AC +2). [potion of mutation]
   323 | D:1      | Gained mutation: You heal slowly when monsters are visible. [potion of mutation]
   349 | D:1      | XOM: divination: detect items
   362 | D:1      | XOM: harmless Fire miscast
   413 | D:1      | Reached XP level 3. HP: 26/26 MP: 3/3
   751 | D:2      | Found a basalt altar of Yredelemnul.
   796 | D:2      | Reached skill level 1 in Stealth
   866 | D:2      | XOM: harmless Divn miscast
   867 | D:2      | XOM: harmless Trmt miscast
   873 | D:2      | Reached XP level 4. HP: 20/31 MP: 4/4
  1177 | D:2      | XOM: mild Trmt miscast
  1371 | D:3      | XOM: torment (12/32 hp)
  1683 | D:3      | XOM: colour smoke trail
  1792 | D:3      | Reached skill level 4 in Polearms
  1792 | D:3      | Reached XP level 5. HP: 34/37 MP: 5/5
  2202 | D:3      | You fall through a shaft!
  2202 | D:5      | Entered Level 5 of the Dungeon
  2258 | D:5      | XOM: harmless Tloc miscast
  2321 | D:5      | XOM: harmless Necr miscast
  2356 | D:5      | Found a shadowy altar of Dithmenos.
  2452 | D:5      | XOM: mild Pois miscast
  2558 | D:5      | Reached XP level 6. HP: 40/43 MP: 6/6
  2640 | D:5      | XOM: harmless Tloc miscast
  2773 | D:5      | XOM: cast spell 'Cause Fear'
  2774 | D:5      | Reached skill level 5 in Stealth
  3206 | D:6      | Found Gozag's Platinum Reserve.
  3206 | D:6      | Found an opulent altar of Gozag.
  3245 | D:6      | Found Vimuatz's Weapon Emporium.
  3322 | D:6      | HP: 2/43 [something (3)]
  3322 | D:6      | Slain by a sky beast

Vault maps used:
D:1:      eino_arrival_druids_welcome, hangedman_decor_clover_reticule
D:2:      lemuel_crystal_altar
D:5:      first_bread, nicolae_dithmenos_the_darkroom
D:6:      nicolae_gozag_zags_fifth_avenue, amethyst_overflow_temple_binary,
          serial_shops, kennysheep_little_box

Action                   |  1- 3 |  4- 6 || total
-------------------------+-------+-------++-------
Melee: Spear             |    85 |   164 ||   249
  Use: Scroll            |     6 |     6 ||    12
       Potion            |     2 |     3 ||     5
 Stab: Sleeping          |     8 |    17 ||    25
       Confused          |       |     3 ||     3
       Paralysed         |       |     1 ||     1
       Distracted        |       |     2 ||     2
  Eat: Chunk             |       |     8 ||     8
